 Dungeon Crawl Stone Soup version 0.30-a0-800-g7c544603b3 (webtiles) character file.

Game seed: 5283230707166345370

147 jlumianski the Covered (level 5, -7/41 HPs)
             Began as a Demonspawn Fighter on Feb 15, 2023.
             Was an Initiate of Qazlal.
             Killed from afar by Sigmund (11 damage)
             ... with a puff of flame
             ... on level 4 of the Dungeon on Feb 21, 2023.
             The game lasted 00:15:30 (2799 turns).

jlumianski the Covered (Demonspawn Fighter)         Turns: 2799, Time: 00:15:30

Health: -7/41      AC:  7    Str: 18    XL:     5   Next: 8%
Magic:  5/5        EV:  9    Int:  9    God:    Qazlal [......]
Gold:   40         SH:  4    Dex: 13    Spells: 4/4 levels left

rFire   . . .      SeeInvis .    a - +0 war axe
rCold   . . .      Faith    .    c - +0 buckler
rNeg    . . .      Spirit   .    b - +0 scale mail
rPois   .          Reflect  .    (no helmet)
rElec   .          Harm     .    (no cloak)
rCorr   .          Rampage  .    (no gloves)
Will    .....                    (no boots) Stlth
                                 (no amulet)
HPRegen 0.26/turn                (no ring)
MPRegen 0.09/turn                (no ring)

@: no status effects
A: claws 1, condensation shield
a: Renounce Religion


You were on level 4 of the Dungeon.
You worshipped Qazlal.
Qazlal was noncommittal.
You visited 1 branch of the dungeon, and saw 5 of its levels.

You collected 166 gold pieces.
You spent 126 gold pieces at shops.

Inventory:

Hand Weapons
 a - a +0 war axe (weapon)
Missiles
 e - 14 stones
 m - 3 boomerangs
 q - 8 poisoned darts (quivered)
Armour
 b - a +0 scale mail (worn)
 c - a +0 buckler (worn)
 v - a +0 pair of gloves
Jewellery
 x - a ring of ice
Wands
 w - a wand of mindburst (14)
Scrolls
 g - a scroll of noise
 j - a scroll of butterflies {unknown}
 k - a scroll of vulnerability {unknown}
 n - a scroll of magic mapping
 p - a scroll of fear {unknown}
 r - 2 scrolls of teleportation {unknown}
Potions
 d - a potion of might
 f - a potion of heal wounds
 h - a potion of brilliance
 i - a potion of resistance
 l - a potion of flight {unknown}
 o - a potion of curing
 s - a potion of attraction {unknown}
 t - a potion of mutation {unknown}
 u - a potion of lignification {unknown}
 z - a potion of cancellation {unknown}


   Skills:
 * Level 3.3 Fighting
 + Level 3.4 Axes
 + Level 0.2 Throwing
 + Level 3.7 Armour
 + Level 0.1 Dodging
 - Level 0.3 Stealth
 + Level 3.0 Shields


You had 4 spell levels left.
You didn't know any spells.
Your spell library contained the following spells:

 Spells                   Type           Power      Damage    Failure   Level
 Shock                    Conj/Air       0%         1d3       86%         1
 Swiftness                Air            0%         N/A       99%         3
 Airstrike                Air            0%         2d(0-16)  100%        4


Dungeon Overview and Level Annotations

Branches:
Dungeon (5/15)
 Temple: D:4-7

Altars:
Qazlal
Trog
Xom

Shops:
D:3 *

Annotations:
D:4 1 transporter, Sigmund


Innate Abilities, Weirdness & Mutations

You have sharp fingernails.
A meltable shield of frost defends you. (SH +0)


Message History

You hit the necrophage but do no damage.
The necrophage barely misses you. Sigmund barely misses you.
The necrophage hits you.
You barely miss Sigmund.
Sigmund is heavily wounded.
You hit the necrophage but do no damage.
Sigmund hits you with a +0 scythe.
The necrophage hits you but does no damage.
You closely miss Sigmund.
Sigmund is heavily wounded.
You hit the necrophage.
The necrophage hits you but does no damage.
Sigmund closely misses you. The necrophage closely misses you.
You hit Sigmund.
Sigmund is severely wounded.
You slash the necrophage! Sigmund casts a spell at you.
The magic dart hits you.
The necrophage hits you but does no damage.
You hit Sigmund.
Sigmund is severely wounded.
You completely miss the necrophage. Sigmund gestures at you while chanting.
The puff of flame hits you. The necrophage barely misses you.
Sigmund gestures at you while chanting. The puff of flame hits you.
You closely miss Sigmund.
Sigmund is severely wounded.
You closely miss the necrophage. The necrophage hits you.
* * * LOW HITPOINT WARNING * * *
Sigmund hits you with a +0 scythe.
* * * LOW HITPOINT WARNING * * *
The necrophage hits you.
* * * LOW HITPOINT WARNING * * *
You hit Sigmund but do no damage.
Sigmund is severely wounded.
You slash the necrophage!
The necrophage hits you but does no damage.
Sigmund zaps a wand.
The puff of flame hits you!
You die...

# . #..## ..# .. .... ..####...
#.### ... ...##(.##....#####..#.
..... ....(.##......#...##.
##...# ###...(.............##.
.....## #.#...(................
#..#..# #.....................#
##....# ##.....@n..##..........#
......# .##.....@....#..##.###.##
..#...##..#.....|...........##.##
.###..............###........#.#
###......###.....#####.......<.#
.<.......# ###.................#
....###.## #................##
.....# .# #.>.............####
....## .. #..>......†.)....##.
.#### .. #..........##..##....


You could see a necrophage and Sigmund.

Vanquished Creatures
  Jessica (D:3)
  4 adders
  A worm (D:3)
  A dart slug (D:4)
  An orc (D:3)
  3 endoplasms
  2 giant cockroaches
  6 goblins
  8 hobgoblins
  7 jackals
  11 kobolds
  5 quokkas
  7 ball pythons
  3 bats
  15 rats
75 creatures vanquished.

Vanquished Creatures (others)
  2 fungi (D:1)
2 creatures vanquished.

Grand Total: 77 creatures vanquished

Notes
Turn   | Place    | Note
-------+----------+-------------------------------------------
     0 | D:1      | jlumianski the Demonspawn Fighter began the quest for the
                  | Orb.
     0 | D:1      | Reached XP level 1. HP: 18/18 MP: 1/1
   145 | D:1      | Gained mutation: A meltable shield of frost defends you.
                  | (SH +0) [demonic ancestry]
   145 | D:1      | Reached XP level 2. HP: 24/24 MP: 2/2
   295 | D:1      | Upgraded the game from 0.30-a0-778-g2ef04afb54 to
                  | 0.30-a0-799-g109b55a442
   295 | D:1      | Upgraded the game from 0.30-a0-799-g109b55a442 to
                  | 0.30-a0-800-g7c544603b3
   709 | D:1      | Reached XP level 3. HP: 29/29 MP: 3/3
  1505 | D:3      | Noticed Jessica
  1687 | D:3      | Gained mutation: You have sharp fingernails. [demonic
                  | ancestry]
  1687 | D:3      | Reached XP level 4. HP: 35/35 MP: 4/4
  1692 | D:3      | Found a bloodstained altar of Trog.
  1749 | D:3      | Found Ijufawer's General Store.
  1759 | D:3      | Bought a scroll of magic mapping for 90 gold pieces
  1759 | D:3      | Bought a potion of curing for 36 gold pieces
  2010 | D:3      | Identified the +2 robe of Nihilism {rElec rF+}
  2063 | D:3      | Found a shimmering altar of Xom.
  2083 | D:3      | Identified the +0 ring mail "Ynil" {Str+3}
  2182 | D:3      | Killed Jessica
  2311 | D:4      | Reached XP level 5. HP: 35/41 MP: 5/5
  2313 | D:4      | Found a transporter.
  2726 | D:5      | Entered Level 5 of the Dungeon
  2730 | D:5      | Found a stormy altar of Qazlal.
  2736 | D:5      | Became a worshipper of Qazlal Stormbringer
  2779 | D:4      | Noticed Sigmund
  2799 | D:4      | Killed from afar by Sigmund

Illustrated notes

Levels and vault maps discovered:
D:1:      dpeg_cavernosity, layout_rooms, serial_aquarium,
          aquarium_bridge_straight [aquarium_subvault_bridge,
          aquarium_subvault_window, aquarium_subvault_bridge,
          aquarium_subvault_balcony], aquarium_window_1, aquarium_window_double,
          aquarium_window_1, aquarium_view_2c, aquarium_pool_S,
          minmay_rat_gold_closets
D:2:      layout_loops_ring
D:3:      layout_loops_ring, lemuel_doored_altar,
          mainiacjoe_overflow_cross_hatched, serial_shops,
          nicolae_lakefront_shop, uniq_jessica
D:4:      layout_cave_pools, gammafunk_ghost_stat_death, uniq_sigmund
D:5:      layout_cave_pools, mainiacjoe_overflow_six_doors_small

Skill      XL: |  1  2  3  4 |
---------------+-------------+-----
Axes           | 2 3 |  3.4
Armour         | 3 |  3.7
Shields        | 3 |  3.0
Fighting       | |  3.3
Throwing       | |  0.2
Dodging        | |  0.1
Stealth        | |  0.3

Action                     |  1- 3 |  4- 6 || total
---------------------------+-------+-------++-------
  Melee: War axe           |   120 |   104 ||   224
  Throw: Dart              |       |     8 ||     8
    Use: Scroll            |       |     3 ||     3
         Potion            |       |     1 ||     1
 Armour: Scale mail        |    52 |    31 ||    83
  Dodge: Dodged            |    50 |    52 ||   102
  Block: Buckler           |    45 |    50 ||    95

Table legend: (Time is in decaauts)
 A = Elapsed time spent in this place.
 B = Non-inter-level travel time spent in this place.
 C = Inter-level travel time spent in this place.
 D = Time resting spent in this place.
 E = Time spent auto-exploring this place.
 F = Levels seen in this place.
 G = Mean time per level.
                   A        B        C        D        E       F      G
               +--------+--------+--------+--------+--------+-----+--------+
         Total |   2896 |   2809 |     87 |     29 |   1696 |   5 |  579.2 |
       Dungeon |   2896 |   2809 |     87 |     29 |   1696 |   5 |  579.2 |
               +--------+--------+--------+--------+--------+-----+--------+

Top non-repeatable levels by time:
     D:1: 1059 daAuts
     D:3: 923 daAuts
     D:2: 666 daAuts
     D:4: 227 daAuts
     D:5: 19 daAuts
